 Dungeon Crawl Stone Soup version 0.28.0-45-g0d030f2227 (webtiles) character file.

Game seed: 1777948705591642376

220 Icepheonix32 the Sneak (level 5, -3/31 HPs)
             Began as an Octopode Fire Elementalist on Apr 16, 2022.
             Killed from afar by Ijyb (10 damage)
             ... with an iceblast
             ... on level 4 of the Dungeon.
             The game lasted 00:03:31 (3091 turns).

Icepheonix32 the Sneak (Octopode Fire Elementalist) Turns: 3091, Time: 00:03:32

Health: -3/31      AC:  1    Str:  7    XL:     5   Next: 97%
Magic:  1/2        EV: 14    Int: 20    God:
Gold:   116        SH:  0    Dex: 16    Spells: 6/9 levels left

rFire   . . .      SeeInvis .   i - +7 dagger of the Dark Horse {antimagic, +Blink Dex+4}
rCold   . . .      Faith    .   (no shield)
rNeg    . . .      Spirit   .   (helmet restricted)
rPois   .          Reflect  .   d - amulet of the acrobat
rElec   .          Harm     .   m - ring of willpower
rCorr   .          Rampage  .   (no ring)
Will    +....                   (no ring)
Stlth   ++++......              (no ring)
HPRegen 0.10/turn               (no ring)
MPRegen 0.08/turn               (no ring)
                                (no ring)
                                (no ring)

@: no status effects
A: almost no armour, amphibious, 8 rings, camouflage 1, gelatinous body 1,
(nimble swimmer 1), tentacles
a: Evoke Blink


You were on level 4 of the Dungeon.
You visited 1 branch of the dungeon, and saw 4 of its levels.

You collected 116 gold pieces.

Inventory:

Hand Weapons
 i - the +7 dagger of the Dark Horse (weapon) {antimagic, +Blink Dex+4}
   (You found it on level 2 of the Dungeon)

   It reduces the magical energy of the wielder, and disrupts the spells and
   magical abilities of those it strikes.
   Natural abilities and divine invocations are not affected.
   Dex:       It affects your dexterity (+4).
   +Blink:    It lets you blink.
Armour
 c - a +0 buckler
Jewellery
 a - a ring of ice
 d - an amulet of the acrobat (around mantle)
 m - a ring of willpower (left tentacle)
Wands
 n - a wand of digging (6)
Scrolls
 e - a scroll of enchant weapon
 g - 2 scrolls of teleportation
Potions
 b - a potion of attraction {unknown}
 f - a potion of lignification {unknown}
 h - 2 potions of curing {unknown}
 l - a potion of brilliance {unknown}


   Skills:
 + Level 0.2 Fighting
 + Level 1.0 Short Blades
 * Level 2.9 Dodging
 + Level 4.3 Stealth
 + Level 1.6 Unarmed Combat
 + Level 2.6 Spellcasting
 + Level 1.2 Conjurations
 * Level 4.3 Fire Magic


You had 6 spell levels left.
You knew the following spells:

 Your Spells              Type           Power      Damage    Failure   Level
a - Foxfire               Conj/Fire      52%        2x1d6     4%          1
b - Scorch                Fire           40%        2d7       3%          2

Your spell library contained the following spells:

 Spells                   Type           Power      Damage    Failure   Level
 Conjure Flame            Conj/Fire      13%        6-21      14%         3
 Animate Skeleton         Necr           4%         N/A       16%         1
 Pain                     Necr           8%         1d4       16%         1
 Inner Flame              Hex/Fire       11%        N/A       19%         3
 Vampiric Draining        Necr           2%         2d6       41%         3
 Flame Wave               Conj/Fire      13%        2d6       43%         4


Dungeon Overview and Level Annotations

Branches:
Dungeon (4/15)
 Temple: D:4-7

Altars:
Gozag

Annotations:
D:4 Ijyb


Innate Abilities, Weirdness & Mutations

You cannot wear most types of armour.
You are amphibious.
You can wear up to eight rings at the same time.
Your skin changes colour to match your surroundings (Stealth+).
Your rubbery body absorbs attacks. (AC +1, EV +1)
((You are camouflaged when in or above water. (Stealth+)))
You have tentacles for arms and can constrict up to eight enemies at once.


Message History

You are too injured to fight recklessly!
You are too injured to fight recklessly!
You are too injured to fight recklessly!
You are too injured to fight recklessly!
You are too injured to fight recklessly!
You are too injured to fight recklessly!
You are too injured to fight recklessly!
Unknown command.
The adder completely misses you. The kobold completely misses you.
Ijyb the Twisted Goblin comes into view.
She is wielding a +0 dagger and carrying a wand of iceblast (5).
Casting: Foxfire (safe; 4% risk of failure)
Confirm with . or Enter, or press ? or * to list all spells.
You conjure some foxfire!
The adder closely misses you.
Ijyb screams, "Level is mine!
All mine!"
An iguana comes into view.
An orc comes into view. It is wielding a +0 war axe.
The adder closely misses you.
You hit the adder. You grab the adder.
The adder is lightly wounded.
You constrict the adder.
The foxfire hits the adder.
The adder is heavily wounded.
The foxfire hits the adder.
The adder is almost dead.
The adder bites you but does no damage.
You hit the adder.
You kill the adder!
Your Short Blades skill increases to level 1!
Unknown command.
You completely miss the orc priest. You grab the orc priest.
You constrict the orc priest, but do no damage.
The orc priest barely misses you.
You hit the orc priest but do no damage.
You constrict the orc priest. The orc priest hits you with a +0 whip.
* * * LOW HITPOINT WARNING * * *
Unknown command.
You hit the orc priest.
The orc priest is moderately wounded.
You constrict the orc priest, but do no damage.
Ijyb zaps a wand.
The mass of ice explodes!
The iceblast engulfs you!
You die...

.....#.# #####.... .....#.#
......... .##..#.# ##$.....#
.##..#.# .......l#
.##....#.#......o# ..
#..........###.#o# #.
......##.#####.#K# #.##
......(# ..#..g#o#### ..#
8.(8...###......@...# #.##
8..8.#..............# ####..#
≈..≈.o...#..........####≈≈≈≈.#
≈..≈≈≈##............<#≈≈≈≈≈≈.#
≈..≈≈≈≈≈o###########≈≈≈≈≈≈≈≈.#
≈..≈≈≈≈≈≈≈≈o≈####≈))≈≈≈≈≈≈≈).#
≈..)≈≈≈≈≈≈≈≈≈≈≈≈≈≈≈≈≈≈≈≈≈≈..##
8..8≈≈≈≈≈≈≈≈≈≈≈≈≈≈≈≈≈≈≈≈...##
8..8...≈≈≈≈≈≈≈≈≈≈≈≈≈≈≈...###


You could see Ijyb, an iguana, an orc priest, 2 orcs and a kobold.

Vanquished Creatures
  A water moccasin skeleton (D:4)
  A jelly (D:4)
  An orc priest (D:4)
  8 adders
  A worm (D:3)
  A dart slug (D:1)
  3 orcs (D:4)
  4 bats
  2 endoplasms (D:3)
  3 giant cockroaches (D:2)
  7 goblins
  A quokka (D:3)
  4 ball pythons (D:2)
  A frilled lizard (D:3)
  5 rats
43 creatures vanquished.

Vanquished Creatures (others)
  41 foxfires
41 creatures vanquished.

Grand Total: 84 creatures vanquished

Notes
Turn   | Place    | Note
-------+----------+-------------------------------------------
     0 | D:1      | Icepheonix32 the Octopode Fire Elementalist began the quest
                  | for the Orb.
     0 | D:1      | Reached XP level 1. HP: 11/11 MP: 3/3
   447 | D:1      | Reached XP level 2. HP: 17/17 MP: 5/5
  1083 | D:2      | Identified the +7 dagger of the Dark Horse {antimagic,
                  | +Blink Dex+4}
  1251 | D:2      | Reached XP level 3. HP: 21/21 MP: 2/6
  1874 | D:3      | Found a faded altar of an unknown god.
  2101 | D:3      | Reached skill level 1 in Unarmed Combat
  2101 | D:3      | Reached XP level 4. HP: 26/27 MP: 0/7
  2207 | D:3      | Found an opulent altar of Gozag.
  2415 | D:3      | Learned a level 2 spell: Scorch
  2676 | D:4      | Reached XP level 5. HP: 12/31 MP: 2/8
  3083 | D:4      | Noticed Ijyb
  3089 | D:4      | Reached skill level 1 in Short Blades
  3091 | D:4      | Killed from afar by Ijyb

Illustrated notes

Levels and vault maps discovered:
D:1:      heliophobic_arrival_battle_scene, layout_basic
D:2:      layout_loops_ring, eino_curves_02, minmay_misc_feat_rugged,
          minmay_misc_feat_doors
D:3:      layout_basic, mainiacjoe_overflow_chevrons,
          shapermc_ecumenical_altar_totnotflames
D:4:      wander_river, layout_basic, minivault_23, uniq_ijyb

Skill      XL: |  1  2  3  4  5 |
---------------+----------------+-----
Stealth        | 3 4 |  4.3
Unarmed Combat | 1 |  1.6
Fire Magic     | 4 |  4.3
Short Blades   | 1 |  1.0
Fighting       | |  0.2
Dodging        | |  2.9
Spellcasting   | |  2.6
Conjurations   | |  1.2

Action                   |  1- 3 |  4- 6 || total
-------------------------+-------+-------++-------
Melee: Unarmed           |    37 |       ||    37
       Constrict         |    13 |     9 ||    22
       Tentacles         |     8 |     3 ||    11
       Dagger            |    14 |    34 ||    48
       Punch             |     1 |     1 ||     2
 Cast: Foxfire           |    20 |     5 ||    25
       Scorch            |       |     1 ||     1
  Use: Scroll            |       |     5 ||     5
 Stab: Sleeping          |     3 |     1 ||     4
Armor: Skin              |     6 |     4 ||    10
Dodge: Dodged            |    46 |    32 ||    78
